 Seeded DCSS version 0.29-a0-231-g945431f764 (webtiles) character file.

Game seed: 7398478755600371734 (custom seed)

38 mcwallace the Vexing (level 3, -4/27 HPs)
             Began as a Formicid Arcane Marksman on Mar 1, 2022.
             Slain by Terence
             ... wielding a +0 morningstar
              (10 damage)
             ... on level 2 of the Dungeon.
             The game lasted 00:02:48 (2207 turns).

mcwallace the Vexing (Formicid Arcane Marksman)     Turns: 2207, Time: 00:02:49

Health: -4/27      AC:  3    Str: 14    XL:     3   Next: 65%
Magic:  4/5        EV: 12    Int: 12    God:
Gold:   73         SH:  0    Dex: 13    Spells: 4/5 levels left

rFire   . . .      SeeInvis +   a - +0 hand crossbow {crossbow}
rCold   . . .      Faith    .   (no shield)
rNeg    . . .      Spirit   .   b - +0 robe
rPois   .          Reflect  .   (helmet unavailable)
rElec   .          Harm     .   (no cloak)
rCorr   .          Rampage  .   e - +0 pair of gloves
Will    .....                   (no boots)
Stlth   +.........              (no amulet)
HPRegen 0.09/turn               (no ring)
MPRegen 0.09/turn               (no ring)

@: no status effects
A: permanent stasis, dig shafts and tunnels, antennae 3, four strong arms
a: Dig, Shaft Self


You were on level 2 of the Dungeon.
You visited 1 branch of the dungeon, and saw 2 of its levels.

You collected 73 gold pieces.


Innate Abilities, Weirdness & Mutations

You cannot be hasted, slowed, berserked, paralysed or teleported.
You can dig through walls and to a lower floor.
You have a pair of large antennae on your head. (SInv)
Your four strong arms can wield two-handed weapons with a shield.


   Skills:
 + Level 1.7 Fighting
 + Level 2.3 Crossbows
 + Level 1.0 Armour
 + Level 2.1 Dodging
 + Level 1.7 Spellcasting
 + Level 3.9 Hexes


You had 4 spell levels left.
You knew the following spells:

 Your Spells              Type           Power      Damage    Failure   Level
a - Slow                  Hex            40%        N/A       5%          1

Your spell library contained the following spells:

 Spells                   Type           Power      Damage    Failure   Level
 Inner Flame              Hex/Fire       5%         N/A       36%         3
 Portal Projectile        Hex/Tloc       10%        N/A       36%         3
 Corpse Rot               Necr/Air       2%         N/A       38%         2
 Poisonous Vapours        Pois/Air       2%         N/A       38%         2
 Cause Fear               Hex            5%         N/A       50%         4

Inventory:

Hand Weapons
 a - a +0 hand crossbow (weapon) {crossbow}
Missiles
 c - 62 stones {throwing}
Armour
 b - a +0 robe (worn)
 d - a +0 leather armour
   (You found it on level 1 of the Dungeon)
 e - a +0 pair of gloves (worn)
   (You found it on level 1 of the Dungeon)
 g - a +0 leather armour
   (You found it on level 1 of the Dungeon)
 k - a +0 leather armour
   (You found it on level 1 of the Dungeon)
 m - a +0 robe
   (You found it on level 2 of the Dungeon)
Jewellery
 i - a ring of fire
   (You found it on level 1 of the Dungeon)
Scrolls
 h - a scroll of teleportation {unknown}
 j - a scroll of silence {unknown}
 l - 3 scrolls of identify {unknown}
 n - 3 scrolls of acquirement {unknown}
 q - 3 scrolls of noise {unknown}
Potions
 f - a potion of lignification {unknown}
 o - a potion of haste {unknown}
 p - a potion of might {unknown}

Dungeon Overview and Level Annotations

Branches:
Dungeon (2/15)

Altars:

Shops:
D:1 *

Annotations:
D:2 Terence

........#.##.#..............#
........#.##.#.##############
......#.#†.#.#.#.....#
###..#.......#.#...#.#
#.#...##.###.###.#.#
#.#...##.#.......#.# #
#...##.#.#.#####.#
#...##.#.#...###<##########
#<.>.......@..............##
#........#.#@############..#
########.#.#....# ######.# {
#.#.####.....#......# #.#..
..$.#....... ..###
...#....... ..# ..#.......
...# .#.....#. .... #.....##


You could see Terence (slow).


Message History

Press: ? - help, Shift-Dir - straight line, f/p - Terence
Aim: Terence, wielding a +0 morningstar and wearing a +0 chain mail (moderately wounded, chance to affect: 57%) Terence seems to slow down. 😎 MP[-1]
You lost 1 mp, and now have 4/5 mp.
Shoot: a) +0 hand crossbow {crossbow}
Press: ? - help, Q - select action, (/) - cycle Shift-Dir - straight line, f/p - Terence
Aim: Terence, wielding a +0 morningstar and wearing a +0 chain mail (moderately wounded, slow, 67% to hit)
You shoot a bolt. The bolt barely misses Terence.
Shoot: a) +0 hand crossbow {crossbow}
Press: ? - help, Q - select action, (/) - cycle Shift-Dir - straight line, f/p - Terence
Aim: Terence, wielding a +0 morningstar and wearing a +0 chain mail (moderately wounded, slow, 67% to hit)
You shoot a bolt. The bolt barely misses Terence.
Shoot: a) +0 hand crossbow {crossbow}
Press: ? - help, Q - select action, (/) - cycle Shift-Dir - straight line, f/p - Terence
Aim: Terence, wielding a +0 morningstar and wearing a +0 chain mail (moderately wounded, slow, 67% to hit)
You shoot a bolt. The bolt barely misses Terence.
Shoot: a) +0 hand crossbow {crossbow}
Press: ? - help, Q - select action, (/) - cycle Shift-Dir - straight line, f/p - Terence
Aim: Terence, wielding a +0 morningstar and wearing a +0 chain mail (moderately wounded, slow, 67% to hit)
You shoot a bolt.
The bolt hits Terence but does no damage.
Shoot: a) +0 hand crossbow {crossbow}
Press: ? - help, Q - select action, (/) - cycle Shift-Dir - straight line, f/p - Terence
Aim: Terence, wielding a +0 morningstar and wearing a +0 chain mail (moderately wounded, slow, 67% to hit)
You shoot a bolt.
The bolt hits Terence but does no damage.
Terence barely misses you.
Shoot: a) +0 hand crossbow {crossbow}
Press: ? - help, Q - select action, (/) - cycle Shift-Dir - straight line, f/p - Terence
Aim: Terence, wielding a +0 morningstar and wearing a +0 chain mail (moderately wounded, slow, 67% to hit)
You shoot a bolt. The bolt hits Terence.
Terence closely misses you.
Shoot: a) +0 hand crossbow {crossbow}
Press: ? - help, Q - select action, (/) - cycle Shift-Dir - straight line, f/p - Terence
Aim: Terence, wielding a +0 morningstar and wearing a +0 chain mail (heavily wounded, slow, 67% to hit)
You shoot a bolt.
The bolt hits Terence but does no damage.
Terence shouts, "Now you die!" Terence hits you but does no damage.
Shoot: a) +0 hand crossbow {crossbow}
Press: ? - help, Q - select action, (/) - cycle Shift-Dir - straight line, f/p - Terence
Aim: Terence, wielding a +0 morningstar and wearing a +0 chain mail (heavily wounded, slow, 67% to hit)
You shoot a bolt.
The bolt hits Terence but does no damage.
Terence hits you with a +0 morningstar. 😕 HP[-3] MP[+1]
You take 3 damage, and now have 24/27 hp.
Your mp is fully restored (5).
Shoot: a) +0 hand crossbow {crossbow}
Press: ? - help, Q - select action, (/) - cycle Shift-Dir - straight line, f/p - Terence
Aim: Terence, wielding a +0 morningstar and wearing a +0 chain mail (heavily wounded, slow, 67% to hit)
You shoot a bolt. The bolt hits Terence.
Terence hits you with a +0 morningstar. 😕 HP[-2]
You take 2 damage, and now have 22/27 hp.
Shoot: a) +0 hand crossbow {crossbow}
Press: ? - help, Q - select action, (/) - cycle Shift-Dir - straight line, f/p - Terence
Aim: Terence, wielding a +0 morningstar and wearing a +0 chain mail (severely wounded, slow, 67% to hit)
You shoot a bolt.
The bolt hits Terence but does no damage.
Terence is no longer moving slowly.
Terence closely misses you.
Shoot: a) +0 hand crossbow {crossbow}
Press: ? - help, Q - select action, (/) - cycle Shift-Dir - straight line, f/p - Terence
Aim: Terence, wielding a +0 morningstar and wearing a +0 chain mail (severely wounded, 67% to hit)
You shoot a bolt. The bolt completely misses Terence.
Terence closely misses you. 😕 HP[+1] Shoot: a) +0 hand crossbow {crossbow}
Press: ? - help, Q - select action, (/) - cycle Shift-Dir - straight line, f/p - Terence
Aim: Terence, wielding a +0 morningstar and wearing a +0 chain mail (severely wounded, 67% to hit)
You shoot a bolt.
The bolt hits Terence but does no damage.
Terence completely misses you.
Shoot: a) +0 hand crossbow {crossbow}
Press: ? - help, Q - select action, (/) - cycle Shift-Dir - straight line, f/p - Terence
Aim: Terence, wielding a +0 morningstar and wearing a +0 chain mail (heavily wounded, 67% to hit)
You shoot a bolt.
The bolt hits Terence but does no damage.
Terence misses you. Terence hits you with a +0 morningstar!
* * * LOW HITPOINT WARNING * * *
😨 HP[-10]
You take 10 damage, and now have 13/27 hp.
MASSIVE DAMAGE!! (PAUSE) Shoot: a) +0 hand crossbow {crossbow}
Press: ? - help, Q - select action, (/) - cycle Shift-Dir - straight line, f/p - Terence
Aim: Terence, wielding a +0 morningstar and wearing a +0 chain mail (heavily wounded, 67% to hit)
You shoot a bolt. The bolt hits Terence.
Terence hits you with a +0 morningstar!
* * * LOW HITPOINT WARNING * * *
😱 HP[-7]
You take 7 damage, and now have 6/27 hp.
MASSIVE DAMAGE!! (PAUSE)
Casting: Slow (safe; 5% risk of failure)
Confirm with . or Enter, or press ? or * to list all spells.
Aiming: Slow (safe; 5% risk of failure)
Press: ? - help, Shift-Dir - straight line, f/p - Terence
Aim: Terence, wielding a +0 morningstar and wearing a +0 chain mail (severely wounded, chance to affect: 57%) Terence seems to slow down.
Terence hits you with a +0 morningstar!
You die...

Skill      XL: |  1  2  3 |
---------------+----------+-----
Dodging        | 2 |  2.1
Armour         | 1 |  1.0
Fighting       | |  1.7
Crossbows      | |  2.3
Spellcasting   | |  1.7
Hexes          | |  3.9

Action                   || total
-------------------------++-------
 Fire: Hand crossbow     ||   118
 Cast: Slow              ||     7
Armor: Robe              ||    16
Dodge: Dodged            ||    54

Levels and vault maps discovered:
D:1:      evilmike_arrival_plus, layout_basic, serial_shops,
          nicolae_diamond_shop, basic_ecumenical_altar, minmay_box_of_dots
D:2:      layout_basic, uniq_terence

Notes
Turn   | Place    | Note
-------+----------+-------------------------------------------
     0 | D:1      | mcwallace the Formicid Arcane Marksman began the quest for
                  | the Orb.
     0 | D:1      | Reached XP level 1. HP: 15/15 MP: 2/2
     0 | D:1      | magus.rc [v1.9.6]
   199 | D:1      | Found Refaucue's General Store.
   557 | D:1      | Reached XP level 2. HP: 18/21 MP: 3/3
   839 | D:1      | Reached skill level 2 in Dodging
  1036 | D:1      | Found a faded altar of an unknown god.
  1361 | D:2      | Reached XP level 3. HP: 26/26 MP: 5/5
  1676 | D:2      | Reached skill level 1 in Armour
  2085 | D:2      | You pick up a book of Vapours and begin reading...
  2085 | D:2      | You add the spells Poisonous Vapours and Corpse Rot to your
                  | library.
  2189 | D:2      | Noticed Terence
  2206 | D:2      | HP: 6/27 [Terence/+0 morningstar (7)]
  2207 | D:2      | Slain by Terence

Vanquished Creatures
  A worm (D:2)
  5 ball pythons
  A bat (D:1)
  8 endoplasms
  5 goblins
  3 hobgoblins
  3 kobolds
  A quokka (D:1)
  A frilled lizard (D:1)
  3 rats
31 creatures vanquished.

Table legend:
 A = Non-vault XP
 B = Vault XP
 C = Vault XP percentage of total XP
 D = Non-vault monster count
 E = Vault monster count
 F = Vault count percentage of total count
                 A         B        C        D         E       F
            +---------+---------+-------+---------+---------+-------
      Total |      50 |       5 |   9.1 |      28 |       3 |   9.7
            +---------+---------+-------+---------+---------+-------
        D:1 |      21 |       5 |  19.2 |      12 |       3 |  20.0
        D:2 |      29 |       0 |   0.0 |      16 |       0 |   0.0
            +---------+---------+-------+---------+---------+-------

Illustrated notes

Table legend:
 A = Kills in this place as a percentage of kills in entire the game.
 B = Kills by you in this place as a percentage of kills by you in the entire game.
 C = Kills by friends in this place as a percentage of kills by friends in the entire game.
 D = Other kills in this place as a percentage of other kills in the entire game.
 E = Experience gained in this place as a percentage of experience gained in the entire game.
 F = Experience gained in this place divided by the number of levels of this place that you have seen.
                   A       B       C       D       E      F
               +-------+-------+-------+-------+-------+----------------------
         Total | 100.0 | 100.0 |   N/A |   N/A | 100.0 |  27.5
       Dungeon | 100.0 | 100.0 |   N/A |   N/A | 100.0 |  27.5
               +-------+-------+-------+-------+-------+----------------------

Table legend: (Time is in decaauts)
 A = Elapsed time spent in this place.
 B = Non-inter-level travel time spent in this place.
 C = Inter-level travel time spent in this place.
 D = Time resting spent in this place.
 E = Time spent auto-exploring this place.
 F = Levels seen in this place.
 G = Mean time per level.
                   A        B        C        D        E       F      G
               +--------+--------+--------+--------+--------+-----+--------+
         Total |   2252 |   2223 |     29 |      0 |   1974 |   2 | 1126.0 |
       Dungeon |   2252 |   2223 |     29 |      0 |   1974 |   2 | 1126.0 |
               +--------+--------+--------+--------+--------+-----+--------+

Top non-repeatable levels by time:
     D:1: 1335 daAuts
     D:2: 917 daAuts
